 Dungeon Crawl Stone Soup version 0.30-a0-1160-g6e42c06551 (webtiles) character file.

Game seed: 15267893668710757633

95 voltaire321 the Caller (level 4, -4/24 HPs)
             Began as a Deep Elf Summoner on Apr 25, 2023.
             Slain by a sky beast (5 damage)
             ... on level 4 of the Dungeon.
             The game lasted 00:07:56 (2346 turns).

voltaire321 the Caller (Deep Elf Summoner)          Turns: 2346, Time: 00:07:57

Health: -4/24      AC:  5    Str:  7    XL:     4   Next: 39%
Magic:  7/11       EV: 13    Int: 22    God:
Gold:   180        SH:  5    Dex: 15    Spells: 2/10 levels left

rFire   . . .        t - +0 long sword
rCold   + . .        (no shield)
rNeg    . . .        n - +2 robe "Pityori" {rC+ Int+2 Stlth+}
rPois   .            (no helmet)
rElec   .            s - +0 cloak
rCorr   .            (no gloves)
SInv    .            (no boots)
Will    .....        k - amulet of reflection
Stlth   +++          (no ring)
HPRegen 0.24/turn    (no ring)
MPRegen 0.12/turn

%: reflection
@: studying Long Blades
A: no striking features
a: no special abilities


You were on level 4 of the Dungeon.
You visited 1 branch of the dungeon, and saw 4 of its levels.

You collected 180 gold pieces.

Inventory:

Hand Weapons
 c - a +0 dagger
 t - a +0 long sword (weapon)
Armour
 n - the +2 robe "Pityori" (worn) {rC+ Int+2 Stlth+}
   (You found it on level 2 of the Dungeon)

   Int:       It affects your intelligence (+2).
   rC:        It protects you from cold.
   Stlth:     It makes you more stealthy.
 s - a +0 cloak (worn)
Magical Staves
 g - a staff of poison
 m - a staff of earth
Jewellery
 k - an amulet of reflection (around neck)
 o - an amulet of magic regeneration
 x - an amulet of guardian spirit
Scrolls
 d - 5 scrolls of identify {unknown}
 h - a scroll of brand weapon {unknown}
 j - a scroll of teleportation {unknown}
 r - a scroll of fear {unknown}
 u - a scroll of enchant armour {unknown}
 w - a scroll of butterflies {unknown}
Potions
 a - 2 potions of invisibility {unknown}
 b - a potion of magic
 e - 3 potions of might {unknown}
 f - 2 potions of degeneration {unknown}
 i - 4 potions of curing {unknown}
 l - 3 potions of heal wounds {unknown}
 p - a potion of brilliance {unknown}
 q - 2 potions of berserk rage {unknown}
 v - a potion of haste {unknown}


   Skills:
 + Level 0.4 Fighting
 + Level 0.3 Long Blades
 + Level 0.5 Armour
 + Level 3.3 Dodging
 + Level 3.5 Stealth
 + Level 3.8 Spellcasting
 + Level 0.0 Conjurations
 + Level 4.9 Summonings


You had 2 spell levels left.
You knew the following spells:

 Your Spells              Type           Power      Damage    Failure   Level
a - Summon Small Mammal   Summ           100%       N/A       1%          1
b - Call Imp              Summ           52%        N/A       2%          2
c - Call Canine Familiar  Summ           26%        N/A       4%          3
d - Searing Ray           Conj           8%         2d4       17%         2

Your spell library contained the following spells:

 Spells                   Type           Power      Damage    Failure   Level
 Magic Dart               Conj           16%        1d3       12%         1
 Summon Guardian Golem    Hex/Summ       15%        N/A       12%         3
 Summon Lightning Spire   Summ/Air       15%        N/A       38%         4
 Fulminant Prism          Conj/Hex       2%         3d5       75%         4


Dungeon Overview and Level Annotations

Branches:
Dungeon (4/15)
 Temple: D:4-7

Altars:

Shops:
D:2 :   D:3 [


Message History

You hit something but do no damage.
Your hound bites something but does no damage.
Something hits you. Something shocks you.
The hobgoblin barely misses your cerulean imp.
Your hound barely misses something.
Something hits you. Something shocks you.
The hobgoblin barely misses your cerulean imp.
Okay, then.
You closely miss something.
Your hound bites something.
Your hound bites something but does no damage.
Something hits your hound. Something shocks your hound.
The hobgoblin closely misses your cerulean imp.
You barely miss something.
Your hound bites something.
Something hits you. Something shocks you.
* * * LOW HITPOINT WARNING * * *
The hobgoblin closely misses your cerulean imp.
Your hound barely misses something.
Your hound completely misses something.
A sky beast appears from thin air!
Reactivating autopickup.
Your cerulean imp completely misses the sky beast.
Your hound bites the sky beast.
You barely miss the sky beast.
The sky beast is heavily wounded.
You block the sky beast's attack.
Your cerulean imp closely misses the sky beast.
The hobgoblin misses your hound.
Your hound barely misses the sky beast.
You block the sky beast's attack.
Your cerulean imp barely misses the sky beast.
The hobgoblin hits your hound.
Your hound bites the sky beast.
You closely miss the sky beast.
The sky beast is heavily wounded.
Your hound bites the sky beast.
The sky beast barely misses you.
Your cerulean imp barely misses the sky beast.
The hobgoblin barely misses your hound.
You hit the sky beast but do no damage.
The sky beast is severely wounded.
Your hound bites the sky beast but does no damage.
Your hound bites the sky beast.
The sky beast hits you.
* * * LOW HITPOINT WARNING * * *
The sky beast shocks you.
You die...

######## ##....Yg# ##
#####.)####g# ###..
..##.## ..g. .....#
#.##..# #...#.#
......##.##.## [.g.. #
##. #.@Yg...#.g..$..
#.. #..h5#.##.......#
#..###.#..#.##.#...#.#
#.##.#.......#..#
#........).#.####
#+#### ####.##.##.#.#
#....#
#.##.#.########>#.###
#....#.##.......#...#
####....#.....#####..


You could see a sky beast (ally target), a hobgoblin, a friendly hound
(summoned) and a friendly cerulean imp (summoned).

Vanquished Creatures
  2 adders
  A worm (D:2)
  A dart slug (D:2)
  3 orcs (D:3)
  2 ball pythons
  4 endoplasms
  3 giant cockroaches
  A goblin (D:1)
  3 hobgoblins
  3 jackals (D:2)
  2 quokkas (D:1)
  2 bats
  6 kobolds
  A rat (D:3)
34 creatures vanquished.

Vanquished Creatures (collateral kills)
  An adder (D:4)
  A dart slug (D:1)
  2 bats
  A giant cockroach (D:1)
  3 hobgoblins
  2 jackals (D:2)
  4 kobolds
  A quokka (D:1)
  A frilled lizard (D:1)
  A rat (D:1)
17 creatures vanquished.

Vanquished Creatures (others)
  2 plants (D:1)
  4 withered plants (D:1)
6 creatures vanquished.

Grand Total: 57 creatures vanquished

Notes
Turn   | Place    | Note
-------+----------+-------------------------------------------
     0 | D:1      | voltaire321 the Deep Elf Summoner began the quest for the
                  | Orb.
     0 | D:1      | Reached XP level 1. HP: 10/10 MP: 6/6
   115 | D:1      | Reached XP level 2. HP: 15/15 MP: 8/8
   127 | D:1      | Learned a level 2 spell: Call Imp
   260 | D:1      | Found a faded altar of an unknown god.
   764 | D:2      | Found Xacidy's Book Shoppe.
   826 | D:2      | Reached XP level 3. HP: 18/19 MP: 10/10
   970 | D:2      | Identified the +2 robe "Pityori" {rC+ Int+2 Stlth+}
  1643 | D:3      | Learned a level 3 spell: Call Canine Familiar
  1950 | D:3      | Found Riggyt's Armour Shop.
  1974 | D:3      | Reached XP level 4. HP: 24/24 MP: 9/11
  2269 | D:4      | Learned a level 2 spell: Searing Ray
  2320 | D:4      | Noticed a sky beast
  2346 | D:4      | HP: 1/24 [sky beast (3)]
  2346 | D:4      | Slain by a sky beast

Illustrated notes

Levels and vault maps discovered:
D:1:      heliophobic_arrival_ceremonial_halls, layout_basic,
          shapermc_ecumenical_altar_flowoftime, minmay_pentomino_t4
D:2:      layout_loops_cross, serial_shops, shop
D:3:      layout_loops_ring, serial_shops, shop
D:4:      layout_loops_cross, kennysheep_small_square

Skill      XL: |  1  2 |
---------------+-------+-----
Stealth        | 3 |  3.5
Dodging        | 3 |  3.3
Fighting       | |  0.4
Long Blades    | |  0.3
Armour         | |  0.5
Spellcasting   | |  3.8
Summonings     | |  4.9

Action                     |  1- 3 |  4- 6 || total
---------------------------+-------+-------++-------
  Melee: Dagger            |   118 |       ||   118
         Unarmed           |     4 |       ||     4
         Punch             |     4 |       ||     4
         Long sword        |     6 |    26 ||    32
   Cast: Summon Small Mamm |     4 |       ||     4
         Call Imp          |    13 |     2 ||    15
         Call Canine Famil |       |     1 ||     1
   Stab: Distracted        |     1 |     1 ||     2
         Sleeping          |     9 |     1 ||    10
 Armour: Robe              |    17 |     6 ||    23
  Dodge: Dodged            |    67 |    14 ||    81
  Block: Other             |    13 |     4 ||    17
         Reflection        |     1 |       ||     1

Table legend: (Time is in decaauts)
 A = Elapsed time spent in this place.
 B = Non-inter-level travel time spent in this place.
 C = Inter-level travel time spent in this place.
 D = Time resting spent in this place.
 E = Time spent auto-exploring this place.
 F = Levels seen in this place.
 G = Mean time per level.
                   A        B        C        D        E       F      G
               +--------+--------+--------+--------+--------+-----+--------+
         Total |   2356 |   2246 |    110 |     97 |   1525 |   4 |  589.0 |
       Dungeon |   2356 |   2246 |    110 |     97 |   1525 |   4 |  589.0 |
               +--------+--------+--------+--------+--------+-----+--------+

Top non-repeatable levels by time:
     D:2: 854 daAuts
     D:1: 728 daAuts
     D:3: 624 daAuts
     D:4: 148 daAuts
